[Event "*** Titled Tuesday 3|2 Blitz"]
[Site "Chess.com"]
[Date "2015.04.07"]
[Round "4"]
[White "MattyDPerrine"]
[Black "AccioChess"]
[Result "1-0"]
[WhiteElo "2203"]
[BlackElo "1999"]
[TimeControl "180+2"]
[EndTime "11:44:46 PDT"]
[Termination "MattyDPerrine won by resignation"]

1. d4 g6 2. Nf3 Bg7 3. e4 d6 4. h3 Nf6 5. Nc3 O-O 6. Be3 a6 7. a4 Nbd7 8. Qd2 c6 9. a5 e5 10. Be2 Qe7 11. Bg5 Re8 12. dxe5 dxe5 13. O-O Nc5 14. Qe3 Ne6 15. Bc4 Nd4 16. Nxd4 exd4 17. Qxd4 Nxe4 18. Qxg7+ Kxg7 19. Bxe7 Rxe7 20. Rfe1 Nd6 21.
Rxe7 Nxc4 22. Re8 Nd6 23. Rd8 Nc4 24. Re1 1-0

[Event "*** Titled Tuesday 3|2 Blitz"]
[Site "Chess.com"]
[Date "2015.04.07"]
[Round "4"]
[White "OIAM03"]
[Black "gumersindo"]
[Result "0-1"]
[WhiteElo "1979"]
[BlackElo "2116"]
[TimeControl "180+2"]
[EndTime "11:45:23 PDT"]
[Termination "gumersindo won on time"]

1. e4 e5 2. Nf3 Nc6 3. d4 exd4 4.
Nxd4 Nf6 5. Nxc6 bxc6 6. Bd3 Bc5 7. O-O d6 8. Nc3 O-O 9. Bg5 h6 10. Bh4 Rb8 11. e5 dxe5 12. Ne4 Be7 13. Bxf6 Bxf6 14. b3 Be7 15. Qe2 f5 16. Ng3 Bd6 17. Bc4+ Kh8 18. Rad1 Qf6 19. Nh5 Qg5 20. f4 exf4 21.
Qf3 c5 22. Nxf4 Bb7 23. Qf2 Bxf4 0-1

[Event "*** Titled Tuesday 3|2 Blitz"]
[Site "Chess.com"]
[Date "2015.04.07"]
[Round "4"]
[White "iFrancisco"]
[Black "patzerplay"]
[Result "1-0"]
[WhiteElo "2223"]
[BlackElo "2150"]
[TimeControl "180+2"]
[EndTime "11:45:40 PDT"]
[Termination "iFrancisco won by resignation"]

1. e4 c5 2. Nf3 d6 3. d4 cxd4 4.
Nxd4 Nf6 5. Nc3 a6 6. Be2 e6 7. O-O Be7 8. Be3 O-O 9. f4 Qc7 10.
Bf3 Nc6 11. Qd3 Bd7 12. Kh1 Rfe8 13. Rad1 Rac8 14. Bg1 b5 15. Nxc6 Bxc6 16. Ne2 d5 17.
e5 Ne4 18. Nd4 Bb7 19. c3 b4 20. cxb4 Bxb4 21. Qb3 Qe7 22. Be3 Rc4 23. Bxe4 Rec8 24.
Bd3 R4c7 25. f5 exf5 26. Nxf5 Qd7 27. Qxb4 Qc6 28. Bd4 a5 29. Ne7+ Rxe7 30. Qxe7 1-0

[Event "*** Titled Tuesday 3|2 Blitz"]
[Site "Chess.com"]
[Date "2015.04.07"]
[Round "4"]
[White "1stSecond"]
[Black "Zvonokchess"]
[Result "1-0"]
[WhiteElo "2395"]
[BlackElo "2476"]
[TimeControl "180+2"]
[EndTime "11:45:46 PDT"]
[Termination "1stSecond won on time"]

1. d4 Nf6 2. c4 c5 3. d5 b5 4. cxb5 a6 5. bxa6 g6 6. Nc3 Bg7 7. Nf3 O-O 8. g3 d6 9. Bg2 Nbd7 10. O-O Nb6 11. Re1 Bxa6 12. Rb1 Nfd7 13. e4 Nc4 14.
Qc2 Qa5 15. Bg5 Rfe8 16. Rec1 Nde5 17. Ne1 h6 18. Bf4 Reb8 19. Bf1 g5 20. Bxe5 Nxe5 21. b3 Rb4 22. a4 Bxf1 23. Kxf1 c4 24. bxc4 Rxc4 25.
Rb5 Qa6 26. Qb3 Rac8 27. Rc2 1-0

[Event "*** Titled Tuesday 3|2 Blitz"]
[Site "Chess.com"]
[Date "2015.04.07"]
[Round "4"]
[White "GMBenjaminBok"]
[Black "David_Klein"]
[Result "1-0"]
[WhiteElo "2455"]
[BlackElo "2337"]
[TimeControl "180+2"]
[EndTime "11:45:51 PDT"]
[Termination "GMBenjaminBok won by resignation"]

1. e4 e6 2. Qe2 c5 3. Nf3 Nc6 4. g3 Be7 5. Bg2 d5 6. d3 Nf6 7. O-O b6 8. e5 Nd7 9. c4 d4 10. h4 Bb7 11. Bf4 h6 12. h5 Nf8 13. Re1 g5 14. Bc1 Nd7 15. Nbd2 Qc7 16. Nf1 O-O-O 17. N1h2 Kb8 18. Ng4 a5 19. Bd2 Nb4 20. Rec1 Rde8 21. a3 Nc6 22. Re1 Bd8 23. Rab1 a4 24. Qd1 f5 25.
exf6 Nxf6 26. Nxf6 Bxf6 27. Qxa4 g4 28. Nh2 Bg5 29. Qd1 Ne5 30. Bxg5 Bxg2 31. Bf4 1-0

[Event "*** Titled Tuesday 3|2 Blitz"]
[Site "Chess.com"]
[Date "2015.04.07"]
[Round "4"]
[White "petrpalachev"]
[Black "BjarkeSahl"]
[Result "1-0"]
[WhiteElo "2436"]
[BlackElo "2046"]
[TimeControl "180+2"]
[EndTime "11:45:54 PDT"]
[Termination "petrpalachev won on time"]

1. d4 f5 2. c4 Nf6 3. Nc3 g6 4. Nf3 Bg7 5. g3 O-O 6. Bg2 d6 7. O-O Qe8 8. Qb3 Kh8 9. Rd1 c6 10. d5 Na6 11. Qa3 Nc5 12. Rb1 a5 13. Nd4 Bd7 14. Bf4 h6 15. h4 Ng4 16. Nb3 Nxb3 17.
Qxb3 c5 18. Qc2 g5 19. hxg5 Qh5 20. gxh6 Bxh6 21. Bxh6 Qxh6 22. e3 Rf7 23. Kf1 Ne5 24. Ne2 Rh7 25. Nf4 Be8 26. a4 Bh5 27. Qc3 1-0

[Event "*** Titled Tuesday 3|2 Blitz"]
[Site "Chess.com"]
[Date "2015.04.07"]
[Round "4"]
[White "darkknight123456"]
[Black "eltenedor"]
[Result "1-0"]
[WhiteElo "2058"]
[BlackElo "1969"]
[TimeControl "180+2"]
[EndTime "11:46:15 PDT"]
[Termination "darkknight123456 won by resignation"]

1. e4 d5 2. exd5 Qxd5 3. Nc3 Qd8 4. d4 Nf6 5. Nf3 c6 6. Bc4 b5 7. Bb3 e6 8. O-O Be7 9. Qe2 O-O 10. Rd1 a5 11. a4 b4 12. Ne4 Ba6 13. Nxf6+ Bxf6 14. Qe4 Bb7 15. h4 Qe7 16. Qg4 Nd7 17. Bf4 c5 18. dxc5 e5 19. Rxd7 Qxc5 20. Rxb7 exf4 21. Rd1 h5 22.
Bxf7+ Kh7 23. Qg6+ Kh8 24. Rd5 1-0

[Event "*** Titled Tuesday 3|2 Blitz"]
[Site "Chess.com"]
[Date "2015.04.07"]
[Round "4"]
[White "grandmastergauri"]
[Black "WanderingPuppet"]
[Result "1-0"]
[WhiteElo "2276"]
[BlackElo "2121"]
[TimeControl "180+2"]
[EndTime "11:46:45 PDT"]
[Termination "grandmastergauri won by resignation"]

1. e4 c5 2. Nf3 d6 3. d4 cxd4 4.
Nxd4 Nf6 5. Nc3 a6 6. Be3 e6 7. f3 b5 8. Qd2 Nbd7 9. O-O-O Bb7 10. g4 h6 11. h4 b4 12. Na4 d5 13. Be2 dxe4 14.
g5 Nd5 15. fxe4 Nxe3 16. Qxe3 Qa5 17. b3 hxg5 18. hxg5 Rxh1 19. Rxh1 O-O-O 20. g6 Qe5 21. Rh5 f5 22. Kb1 Nf6 23. Nc6 Qxe4 24. Qxe4 fxe4 25. Nxd8 Nxh5 26. Nxe6 Ng3 27. Bg4 Bd6 28. Nxg7+ Kc7 29.
Ne6+ Kc6 30. g7 1-0

[Event "*** Titled Tuesday 3|2 Blitz"]
[Site "Chess.com"]
[Date "2015.04.07"]
[Round "4"]
[White "LyonBeast"]
[Black "zmaj23"]
[Result "1-0"]
[WhiteElo "2761"]
[BlackElo "2396"]
[TimeControl "180+2"]
[EndTime "11:46:48 PDT"]
[Termination "LyonBeast won by checkmate"]

1. d4 Nf6 2. Bg5 e6 3. Nc3 d5 4.
e4 Bb4 5. e5 h6 6. Bc1 Ne4 7.
Ne2 c5 8. a3 Bxc3+ 9. Nxc3 cxd4 10. Qxd4 Nc6 11. Bb5 Bd7 12. Bxc6 Bxc6 13. Ne2 Qb6 14.
Be3 Qxd4 15. Bxd4 b6 16. b4 Ba4 17. h4 f6 18. f3 fxe5 19. Bxe5 Nf6 20. Nd4 Kf7 21. Kd2 Rac8 22. Rhe1 Rhe8 23. Re3 Rc4 24. Rae1 Nd7 25. c3 Rec8 26. Bd6 e5 27. Bxe5 Nxe5 28.
Rxe5 Rxc3 29. Re7+ Kg6 30. Rxa7 Rxa3 31. Ree7 Rc4 32.
Rxg7+ Kh5 33. Rg4 Ra2+ 34. Ke3 Ra3+ 35. Kf2 Ra2+ 36. Kg3 Rxb4 37. Rh7 Rbb2 38. Rg5# 1-0

[Event "*** Titled Tuesday 3|2 Blitz"]
[Site "Chess.com"]
[Date "2015.04.07"]
[Round "4"]
[White "Mugzyyy"]
[Black "chillinx"]
[Result "1-0"]
[WhiteElo "2465"]
[BlackElo "2288"]
[TimeControl "180+2"]
[EndTime "11:47:21 PDT"]
[Termination "Mugzyyy won by resignation"]

1. d4 d6 2. c4 e5 3. Nc3 exd4 4. Qxd4 Nc6 5. Qd2 Nf6 6. b3 g6 7. Bb2 Bg7 8. g3 O-O 9. Bg2 Bf5 10. Nh3 Re8 11.
O-O Qd7 12. Nf4 Rab8 13. Rad1 Ne5 14. e4 Be6 15. Rfe1 Bg4 16. h3 Bxd1 17. Rxd1 a6 18. Kh2 b5 19. cxb5 axb5 20. Ncd5 Nxd5 21. Nxd5 c6 22. Ne3 Qc7 23. f4 Nd7 24. Bxg7 Kxg7 25. Qxd6 Qxd6 26. Rxd6 Nc5 27. e5 Red8 28. Rxc6 Ne6 29. f5 gxf5 30. Nxf5+ Kf8 31. Nd6 b4 32.
Bd5 Rd7 33. Rc2 Nd8 34. Rf2 Re7 35. Bc4 Rxe5 36. Nxf7 Nxf7 37. Rxf7+ Ke8 38. Rxh7 Rb6 39.
h4 Ra5 40. Kh3 Rxa2 41. g4 Rd2 42. g5 Rd4 43. Rc7 Rbd6 44. h5 Rf4 45. g6 Rdd4 46.
g7 Rh4+ 47. Kg3 Rhg4+ 48. Kf3 Rgf4+ 49. Ke3 Rfe4+ 50. Kf2 Rf4+ 51. Ke1 Rfe4+ 52. Be2 Rd7 53. g8=Q+ 1-0

[Event "*** Titled Tuesday 3|2 Blitz"]
[Site "Chess.com"]
[Date "2015.04.07"]
[Round "4"]
[White "DanielRensch"]
[Black "Recombinant"]
[Result "0-1"]
[WhiteElo "2233"]
[BlackElo "2151"]
[TimeControl "180+2"]
[EndTime "11:48:06 PDT"]
[Termination "Recombinant won on time"]

1. d4 Nf6 2. Nc3 d5 3. Bf4 g6 4.
Qd2 c6 5. f3 Bf5 6. g4 Be6 7.
h4 h5 8. g5 Nfd7 9. e4 Nb6 10.
a4 a5 11. Be5 Rg8 12. Nh3 N8d7 13.
Bg3 Nc4 14. Bxc4 dxc4 15. Nf4 Nb6 16. Nxe6 fxe6 17. O-O Bg7 18. Rfd1 Rf8 19. Kg2 Qd7 20. Rab1 Kf7 21. b4 cxb3 22. Rxb3 Nc4 23. Qe2 Nd6 24. e5 Nf5 25. Ne4 Rab8 26. c3 Qd5 27.
c4 Qd8 28. Bf2 Kg8 29. c5 Qd5 30. Rb6 Rfd8 31. Nc3 Qd7 32. Qc4 Kh7 33. Ne2 Bxe5 34. Rd3 Bg7 0-1

[Event "*** Titled Tuesday 3|2 Blitz"]
[Site "Chess.com"]
[Date "2015.04.07"]
[Round "4"]
[White "jefferyx"]
[Black "Imre91"]
[Result "0-1"]
[WhiteElo "2106"]
[BlackElo "2563"]
[TimeControl "180+2"]
[EndTime "11:48:37 PDT"]
[Termination "Imre91 won by resignation"]

1. b4 Nf6 2. Bb2 g6 3. g4 h6 4. Nf3 Bg7 5. Rg1 d6 6. h4 e5 7. g5 hxg5 8. hxg5 Nd5 9. a3 Nb6 10. d3 Na4 11. Qc1 Be6 12. Nbd2 a5 13. Ne4 Nd7 14.
c4 Nxb2 15. Qxb2 d5 16. cxd5 Bxd5 17. Nfd2 axb4 18. axb4 Rxa1+ 19. Qxa1 O-O 20. Rh1 Qe7 21. Qa5 c6 22. Bh3 f5 23. gxf6 Nxf6 24. Qc5 Qxc5 25.
bxc5 Ra8 26. Kf1 Nxe4 27. Nxe4 Kf7 28. Rg1 Bf8 29. Rg5 Bxe4 30. dxe4 Kf6 31. Rg3 Bxc5 32.
Rb3 Ra7 33. e3 Ke7 34. f4 Bd6 35. Bc8 b5 36. f5 gxf5 37. exf5 b4 38. Ke2 e4 39.
Be6 Kf6 40. Kd2 Ra2+ 41. Kc1 Re2 42. Kd1 Rh2 43. Kc1 c5 44. Rb2 Rh3 45. Re2 Ke5 46. Kc2 Be7 47. Kb3 Bg5 48. Kc4 Bxe3 49. Bc8 Rf3 50. Bd7 Bd4 51. Bc6 Rc3+ 52. Kb5 e3 0-1

[Event "*** Titled Tuesday 3|2 Blitz"]
[Site "Chess.com"]
[Date "2015.04.07"]
[Round "4"]
[White "GeorgMeier"]
[Black "Yaacovn"]
[Result "1/2-1/2"]
[WhiteElo "2725"]
[BlackElo "2622"]
[TimeControl "180+2"]
[EndTime "11:49:02 PDT"]
[Termination "Game drawn by repetition"]

1. Nf3 b6 2. g3 Bb7 3. Bg2 g6 4. c4 Bg7 5. Nc3 Nf6 6. O-O O-O 7. d4 Ne4 8. Nxe4 Bxe4 9. Bh3 e6 10. Bg5 Bf6 11.
Bh6 Bg7 12. Bxg7 Kxg7 13. Nd2 Bb7 14. e4 Qf6 15. e5 Qe7 16. Bg2 Bxg2 17. Kxg2 d6 18.
Nf3 Nc6 19. Qe2 dxe5 20. dxe5 Rad8 21. Qe4 Qc5 22. Rad1 Rxd1 23. Rxd1 Rd8 24. Rxd8 Nxd8 25. Qd4 Nc6 26. Qxc5 bxc5 27. a3 h6 28. g4 f6 29.
exf6+ Kxf6 30. h3 Ne5 31. Nd2 Nd3 32. Kf3 Ke5 33. Ke3 Nxb2 34. f4+ Kd6 35. Ne4+ Ke7 36. Nd2 a5 37. Ke2 a4 38. Ke3 Kf7 39. Ke4 Kf6 40.
h4 Ke7 41. g5 hxg5 42. hxg5 Kd6 43. Ke3 Kd7 44. Ke4 Ke7 45. Ke3 Kd6 46. Ne4+ Kc6 47.
Nd2 Kd7 48. Ke4 Ke7 49. Ke3 Kd7 1/2-1/2

[Event "*** Titled Tuesday 3|2 Blitz"]
[Site "Chess.com"]
[Date "2015.04.07"]
[Round "4"]
[White "jup1978"]
[Black "SCIM"]
[Result "1-0"]
[WhiteElo "2172"]
[BlackElo "2057"]
[TimeControl "180+2"]
[EndTime "11:49:07 PDT"]
[Termination "jup1978 won by resignation"]

1. e4 g6 2. d4 Bg7 3. Nf3 d6 4. Bd3 Nd7 5. O-O Ngf6 6. Re1 e5 7. dxe5 Nxe5 8. Nxe5 dxe5 9. Bb5+ c6 10. Qxd8+ Kxd8 11. Bc4 Ke8 12. f3 Nd7 13. Be3 Bf8 14. a4 Bc5 15. Kf2 Ke7 16. c3 Bxe3+ 17. Kxe3 Nc5 18. b4 Ne6 19. Bxe6 Bxe6 20. Rd1 Rhd8 21. Na3 Rxd1 22. Rxd1 Bb3 23. Rd2 Bxa4 24. Nc4 f6 25. Na5 b6 26. Nc4 Bb3 27. Nb2 a5 28. bxa5 bxa5 29. Nd3 Be6 30. Rd1 a4 31. Ra1 a3 32. Kd2 a2 33. Kc2 Kd6 34. Kb2 Rb8+ 35. Kc2 Ra8 36. Kb2 h5 37. Nb4 Kc5 38. Nd3+ Kc4 39. Kc2 Kb5 40. Nc1 c5 41. Nb3 Bxb3+ 42. Kxb3 Ra4 43. c4+ Rxc4 44. Rxa2 Rb4+ 45. Kc3 c4 46. Ra8 Rb3+ 47. Kc2 Kc5 48. Rf8 Re3 49. Kd2 Ra3 50. Rc8+ Kd4 51. Rd8+ Kc5 52.
Rc8+ Kb5 53. Rb8+ Ka6 54. Rf8 Ra2+ 55. Kc3 Rxg2 56. Kxc4 Rxh2 57. Rxf6+ Kb7 58. Rxg6 Rf2 59. Kd5 Rxf3 60. Kxe5 Kc7 61. Rh6 Rh3 62. Rh7+ Kd8 63. Ke6 Ra3 64. Rh8+ Kc7 65. Rxh5 Ra6+ 66. Ke7 Kc6 67.
Rh6+ 1-0

[Event "*** Titled Tuesday 3|2 Blitz"]
[Site "Chess.com"]
[Date "2015.04.07"]
[Round "4"]
[White "bugsbunny444"]
[Black "Mazetovic"]
[Result "1-0"]
[WhiteElo "2304"]
[BlackElo "2436"]
[TimeControl "180+2"]
[EndTime "11:49:10 PDT"]
[Termination "bugsbunny444 won by resignation"]

1. Nf3 Nf6 2. c4 g6 3. b4 Bg7 4.
Bb2 O-O 5. g3 d6 6. Bg2 e5 7.
O-O Re8 8. d3 a5 9. b5 Nbd7 10.
Nc3 Nc5 11. Nd2 a4 12. Ba3 Nfd7 13. Nde4 Nxe4 14. Bxe4 Nc5 15. Bxc5 dxc5 16. Nxa4 Qd6 17. Qb3 h6 18. Nc3 f5 19. Bd5+ Kh7 20. e3 h5 21.
Bg2 h4 22. Rad1 Bf6 23. Rfe1 Ra7 24. Nd5 Bg7 25. a4 Be6 26. Re2 Bxd5 27. Bxd5 Rea8 28.
Ra2 Bf6 29. a5 Rxa5 30. Rxa5 Rxa5 31. Bxb7 h3 32. Bd5 Kg7 33. Qc3 Qb6 34. Ra1 Rxa1+ 35. Qxa1 e4 36. Qa3 exd3 37. Qxd3 Qa5 38. Qf1 Qd2 39. Qxh3 Qe1+ 40. Qf1 Qd2 41. Kg2 Bg5 42. Kg1 Bf6 43. h4 Be5 44. Kg2 Kf6 45. Qh1 Qc2 46. h5 gxh5 47. Qxh5 Kg7 48. Qg5+ Kf8 49. Qg6 Ke7 50.
Qe6+ Kd8 51. Qxe5 Kd7 52. Be6+ Ke7 53. Bxf5+ 1-0

[Event "*** Titled Tuesday 3|2 Blitz"]
[Site "Chess.com"]
[Date "2015.04.07"]
[Round "4"]
[White "AnastasiaProtopopova"]
[Black "AlmirDzhumaev"]
[Result "0-1"]
[WhiteElo "1884"]
[BlackElo "2105"]
[TimeControl "180+2"]
[EndTime "11:49:19 PDT"]
[Termination "AlmirDzhumaev won by resignation"]

1. Nf3 Nf6 2. c4 e6 3. Nc3 d5 4.
d4 Be7 5. Bf4 O-O 6. e3 b6 7.
cxd5 exd5 8. Bd3 c5 9. O-O c4 10. Bc2 Bg4 11. h3 Bh5 12. e4 dxe4 13. Nxe4 Nd5 14. Bd2 Nc6 15. Ng3 Bxf3 16. Qxf3 Nxd4 17. Bxh7+ Kxh7 18. Qe4+ f5 19. Qxd4 Bf6 20. Qxc4 Rc8 21.
Qb3 Ne7 22. Rad1 Qc7 23. Rfe1 g6 24. Bb4 Rce8 25. Bd6 Qb7 26. Rc1 Kh6 27. Rc7 Qd5 28. Bxe7 Qxb3 29. axb3 Rf7 30. Rxa7 Rfxe7 31. Raxe7 Rxe7 32. Rxe7 Bxe7 33. Ne2 Bb4 34. Nc3 Kg5 35. Kf1 Bc5 36.
Ke2 Kf4 37. g3+ Ke5 38. f4+ Kd4 39. Nb5+ Kd5 40. Kf3 Bf8 41. g4 Bg7 42. Nc3+ Kc5 43.
gxf5 gxf5 44. h4 Kb4 45. Nd5+ Kc5 46. Ne7 Bxb2 47. Nxf5 Kb4 48. h5 Kxb3 49. h6 b5 50. h7 Bh8 51. Ke4 b4 52. Ne3 Ka2 53. Nc4 Kb3 54. Na5+ Ka4 55. Nc6 b3 56. Nd4 b2 57.
Ne2 b1=Q+ 58. Kf3 Qxh7 0-1

[Event "*** Titled Tuesday 3|2 Blitz"]
[Site "Chess.com"]
[Date "2015.04.07"]
[Round "4"]
[White "AndrewMcStone"]
[Black "ilmago"]
[Result "1/2-1/2"]
[WhiteElo "1942"]
[BlackElo "1880"]
[TimeControl "180+2"]
[EndTime "11:49:22 PDT"]
[Termination "Game drawn by repetition"]

1. d4 Nf6 2. c4 g6 3. Nc3 Bg7 4. e4 d6 5. Nge2 O-O 6. Ng3 c5 7. d5 a6 8. a4 e6 9. Be2 exd5 10. cxd5 Re8 11. O-O Nbd7 12. Bg5 h6 13. Be3 h5 14. f3 h4 15. Nh1 Ne5 16. h3 Nh7 17. Qd2 f5 18.
Nf2 Rb8 19. Bh6 Qf6 20. Bxg7 Kxg7 21. exf5 gxf5 22. Rae1 Bd7 23. f4 Ng6 24. Bh5 b5 25.
axb5 axb5 26. b4 cxb4 27. Na2 b3 28. Nb4 b2 29. Rb1 Re7 30. Bxg6 Kxg6 31. Qxb2 Rbe8 32.
Nc6 Re3 33. Qxf6+ Nxf6 34. Rxb5 Rc3 35. Rb6 Nxd5 36. Ne5+ Rxe5 37. Rxd6+ Re6 38. Rxd5 Bc6 39. Rd3 Rxd3 40. Nxd3 Bb5 41. Ne5+ Kf6 42. Rb1 Be2 43. Rb6 Rxb6 44. Nd7+ Ke6 45. Nxb6 Bb5 46. Kf2 Kd6 47. Nc8+ Kd7 48. Nb6+ Kc6 49. Nc8 Kd7 50. Nb6+ Kc6 51. Nc8 Kd7 1/2-1/2

[Event "*** Titled Tuesday 3|2 Blitz"]
[Site "Chess.com"]
[Date "2015.04.07"]
[Round "4"]
[White "Ar4uha"]
[Black "guillead1"]
[Result "1-0"]
[WhiteElo "2466"]
[BlackElo "2386"]
[TimeControl "180+2"]
[EndTime "11:49:25 PDT"]
[Termination "Ar4uha won by resignation"]

1. e4 g6 2. d4 Bg7 3. Nc3 c6 4. Nf3 d5 5. h3 Nf6 6. Bd3 dxe4 7.
Nxe4 Nxe4 8. Bxe4 Nd7 9. c3 O-O 10. O-O e5 11. dxe5 Nxe5 12. Nxe5 Bxe5 13. Bh6 Re8 14.
Qxd8 Rxd8 15. Rfd1 Be6 16. a3 Bf6 17. Be3 Kg7 18.
g4 h6 19. f4 Bb3 20. Rxd8 Rxd8 21. Kf2 a6 22. Kf3 g5 23. Re1 Bd5 24. Bxd5 Rxd5 25.
f5 b5 26. Rc1 Rd7 27. Rh1 Be5 28. h4 f6 29. hxg5 hxg5 30. Ke4 Re7 31. Kf3 Rd7 32.
Ke4 Re7 33. Kd3 Rd7+ 34. Kc2 Rd5 35. Re1 c5 36. a4 Bf4 37. Bxf4 gxf4 38. Re4 Kh6 39.
Rxf4 Kg5 40. Re4 c4 41. a5 Rd3 42. Re6 Rg3 43. Rxa6 Rg2+ 44. Kb1 Rxg4 45. Rb6 Kxf5 46. Rxb5+ Ke6 47. a6 Rg8 48. Rc5 Ra8 49. Rxc4 Rxa6 50. Kc2 Rd6 51. Rd4 Rxd4 52. cxd4 Kd5 53. Kd3 f5 54. b4 f4 55. b5 1-0

[Event "*** Titled Tuesday 3|2 Blitz"]
[Site "Chess.com"]
[Date "2015.04.07"]
[Round "4"]
[White "HansCoolNiemann"]
[Black "AnthonyWirig"]
[Result "0-1"]
[WhiteElo "1860"]
[BlackElo "2469"]
[TimeControl "180+2"]
[EndTime "11:49:42 PDT"]
[Termination "AnthonyWirig won by checkmate"]

1. d4 Nf6 2. c4 e5 3. dxe5 Ng4 4. Bf4 Bb4+ 5. Nc3 Nc6 6. Nf3 Bxc3+ 7. bxc3 Qe7 8. Qd5 Qa3 9. Qd2 Qe7 10. Qd5 b6 11. h3 Nh6 12. e3 Bb7 13. Be2 Nf5 14. O-O h6 15. g4 Nh4 16. Nxh4 Qxh4 17. Kh2 Qe7 18.
Rad1 O-O-O 19. Bg3 h5 20. gxh5 g6 21. f4 gxh5 22.
f5 Na5 23. Qd4 Nc6 24. Qf4 Kb8 25. Bh4 Qxe5 26. Qxe5 Nxe5 27. Bxd8 Rxd8 28. Rg1 Bf3 29. Rge1 Rg8 30. Bxf3 Nxf3+ 31. Kh1 Nxe1 32. Rxe1 Kb7 33. Rg1 Rxg1+ 34. Kxg1 Kc6 35. Kf2 Kc5 36. Kg3 Kxc4 37. Kh4 Kxc3 38. Kxh5 d5 39. Kg5 c5 40. h4 d4 41.
exd4 cxd4 42. h5 d3 43. h6 d2 44. h7 f6+ 45. Kg6 d1=Q 46. h8=Q Qg4+ 47. Kf7 Qxf5 48. Qb8 Qd5+ 49. Kxf6 Qxa2 50. Qc7+ Kb4 51. Qd6+ Ka5 52. Qe5+ Ka6 53. Qd4 Kb5 54. Qd7+ Kb4 55. Qd6+ Kc3 56. Qe5+ Kc2 57. Qe4+ Kc1 58. Qe3+ Qd2 59. Qa3+ Qb2+ 60. Qxb2+ Kxb2 61. Ke5 a5 62. Kd4 a4 63. Kc4 a3 64. Kb5 a2 65. Kxb6 a1=Q 66. Kc6 Qc1+ 67. Kd6 Qc3 68. Ke6 Kb3 69. Kf5 Kb4 70. Kf4 Kb5 71. Kf5 Kc6 72. Ke6 Qe1+ 73. Kf5 Kd6 74. Kf4 Kd5 75. Kg5 Qf2 76. Kg6 Ke6 77. Kg5 Qg3+ 78.
Kh5 Kf6 79. Kh6 Qh3# 0-1

[Event "*** Titled Tuesday 3|2 Blitz"]
[Site "Chess.com"]
[Date "2015.04.07"]
[Round "4"]
[White "brauliocuarta"]
[Black "Tilicheev_Viacheslav"]
[Result "1-0"]
[WhiteElo "2051"]
[BlackElo "2417"]
[TimeControl "180+2"]
[EndTime "11:49:51 PDT"]
[Termination "brauliocuarta won on time"]

1. d4 d5 2. c4 e5 3. dxe5 d4 4. Nf3 Nc6 5. a3 Nge7 6. Nbd2 a5 7.
Ne4 Ng6 8. e3 Bg4 9. Be2 Bxf3 10. gxf3 Ngxe5 11. f4 Ng6 12. Qb3 Rb8 13. Bd2 Be7 14.
O-O-O O-O 15. Bc3 f5 16. Bxd4 fxe4 17. Bxg7 Kxg7 18. Rxd8 Rfxd8 19. h4 Bf6 20. h5 Nge7 21. c5 Rd5 22. Rg1+ Kf8 23. h6 Rbd8 24. Kb1 a4 25.
Qxa4 Rd2 26. Bc4 Rxb2+ 27. Kc1 Rdd2 28. Rd1 Rdc2+ 29. Qxc2 Rxc2+ 30. Kxc2 Ke8 31. Be6 Nd8 32. Bh3 Nf7 33. Bd7+ Kf8 34. Be6 Nxh6 35. Rd8+ Kg7 36. Rb8 Nf7 37. Rxb7 h5 38. Bxf7 Kxf7 39. a4 h4 40. a5 h3 41. a6 h2 42. Rb1 Nc6 43. Kb3 Bh4 44. Rh1 Bxf2 45. Rxh2 Bxe3 46. Kc4 Bg1 47. Rh6 Na7 48. Rh7+ Ke6 49. Rxc7 e3 50. Kd3 Nb5 51. Rb7 Nd4 52. a7 Nb3 53. Rxb3 1-0

[Event "*** Titled Tuesday 3|2 Blitz"]
[Site "Chess.com"]
[Date "2015.04.07"]
[Round "4"]
[White "MITerryble"]
[Black "pKiLz5Rn9b"]
[Result "1-0"]
[WhiteElo "2495"]
[BlackElo "2315"]
[TimeControl "180+2"]
[EndTime "11:49:58 PDT"]
[Termination "MITerryble won by resignation"]

1. d4 e6 2. Nf3 Nf6 3. c4 b6 4. g3 Bb7 5. Bg2 Be7 6. O-O O-O 7.
Nc3 d5 8. Ne5 Na6 9. Bf4 c5 10.
Rc1 Re8 11. a3 h6 12. dxc5 Nxc5 13. b4 Nce4 14. Nxe4 Nxe4 15. cxd5 exd5 16. Nc6 Bxc6 17. Rxc6 a5 18. Qd4 axb4 19. axb4 Ra4 20. Qxb6 Qxb6 21.
Rxb6 Rxb4 22. Rxb4 Bxb4 23. e3 Rc8 24. Bh3 Rc2 25.
Bf5 g5 26. Be5 Bc3 27. Bb8 Rb2 28. Bc7 Kg7 29. h4 Kf6 30. Bg4 Be5 31. Bd8+ Kg7 32. hxg5 hxg5 33. Bf5 Bf6 34. Bc7 Nc3 35. Re1 d4 36.
Bd6 dxe3 37. Rxe3 Bd4 38. Rf3 Nd5 39. Be4 Nf6 40. Bf5 Rd2 41. Be7 Nd5 42. Bxg5 Rd1+ 43. Kg2 Bc5 44. Be4 Nb4 45. Bf6+ Kf8 46. Rf5 Bd4 47.
Bg5 Kg7 48. Rb5 Na2 49. Rb7 Nc3 50. Bf3 Re1 51. Bh5 Ne4 52. Rxf7+ Kg8 53. Bh6 Nxf2 54. Bg6 Bc5 55. Rc7 Ng4 56. Rc8+ 1-0

[Event "*** Titled Tuesday 3|2 Blitz"]
[Site "Chess.com"]
[Date "2015.04.07"]
[Round "4"]
[White "megarompa"]
[Black "Dlugy"]
[Result "1/2-1/2"]
[WhiteElo "2690"]
[BlackElo "2522"]
[TimeControl "180+2"]
[EndTime "11:50:14 PDT"]
[Termination "Game drawn by agreement"]

1. d4 d5 2. c4 dxc4 3. Nf3 a6 4. e3 e6 5. Bxc4 c5 6. O-O Nf6 7. Nc3 b5 8. Bd3 cxd4 9. exd4 Bb7 10. Bg5 Be7 11. Qe2 Nbd7 12. a3 Nb6 13. Rad1 O-O 14. Bxf6 Bxf6 15. Be4 Nd5 16. Nxd5 Bxd5 17. Rc1 Bc4 18.
Bd3 Bxd3 19. Qxd3 Rc8 20. Qe4 Qd5 21. Qxd5 exd5 22. g3 Rfe8 23. Ne5 Bxe5 24. dxe5 Kf8 25. f4 Ke7 26. Kf2 Rc4 27. b3 Rcc8 28. Ke3 f6 29.
Kd4 fxe5+ 30. Kxe5 Kf8+ 31. Kd4 Rcd8 32. Rfe1 Re4+ 33. Rxe4 dxe4+ 34. Kxe4 Rd2 35. Rc8+ Kf7 36. Rc7+ Kf8 37. Rc6 Rxh2 38. Rxa6 Rb2 39. b4 h5 40.
Rb6 Rb3 41. Rxb5 Rxa3 42. Rxh5 Rxg3 43. Rb5 Ke7 44. Rb7+ Kd6 45. Rb6+ Kc7 46. Rb5 Kc6 47. Rc5+ Kd6 48. Rg5 Rb3 49. b5 Ke6 50. Rg6+ Kf7 51.
Rb6 Ke7 52. Kf5 Rb4 53. Rb7+ Kd8 54. Kg5 Kc8 55. Rb6 Kc7 56. Rc6+ Kd7 57. Rc5 Kd6 58. Re5 Rb1 59. Kf5 Rb4 60. Re6+ Kd7 61. Rb6 Kc7 62.
Rc6+ Kd7 63. Rc5 Kd6 64. Re5 Rb1 65. Re6+ Kd7 66. Re5 Kd6 67. Kg6 Rg1+ 68. Kf7 Rf1 69. Rf5 Rg1 70. b6 Kc6 71. Rb5 Kb7 72. f5 Rg5 73.
Ke6 g6 1/2-1/2

[Event "*** Titled Tuesday 3|2 Blitz"]
[Site "Chess.com"]
[Date "2015.04.07"]
[Round "4"]
[White "GasconJR"]
[Black "alturas_pacificas"]
[Result "0-1"]
[WhiteElo "2262"]
[BlackElo "2140"]
[TimeControl "180+2"]
[EndTime "11:50:17 PDT"]
[Termination "alturas_pacificas won on time"]

1. e4 c6 2. d4 d5 3. exd5 cxd5 4. Bd3 Nc6 5. c3 Nf6 6. Bf4 Bg4 7. Qb3 Qb6 8. Nd2 e6 9. h3 Bh5 10. Ngf3 Be7 11. Ne5 Nxe5 12. Bxe5 O-O 13. O-O Bg6 14.
Be2 Qxb3 15. axb3 a6 16. b4 Rfc8 17. Nb3 Nd7 18. Bg3 h6 19. Na5 Ra7 20. b5 Bd8 21.
bxa6 bxa6 22. Nb3 a5 23. Bb5 Rca8 24. Bc6 Rc8 25. Bxd7 Rxd7 26. Nxa5 Ra8 27. Nc6 Rxa1 28. Rxa1 Bf6 29. Ne5 Bxe5 30. Bxe5 Rb7 31. b4 Bd3 32. Ra8+ Kh7 33. Rc8 Kg6 34. Rc6 Bc4 35. g4 Bd3 36.
Kg2 f6 37. Bf4 Kf7 38. Kg3 Be2 39. Be3 Bd3 40. Bd2 Bc4 41. f4 Bd3 42. Rc5 Bc4 43. f5 exf5 44. gxf5 h5 45. Bf4 g6 46. Bc7 gxf5 47.
Kf4 Ke6 48. Bd8 Rd7 49. Ba5 Rg7 50. Rc6+ Ke7 51. Rc7+ Kf8 52. Rxg7 Kxg7 53. Kxf5 Kf7 54. Kf4 Ke6 55. Bd8 Bb5 56. h4 Bc4 57. Bc7 Bb5 58.
Ke3 Kf5 59. Bg3 Kg4 60. Bf2 f5 61. Kd2 f4 62. Ke1 Kf3 63. Bg1 Kg3 64. Bf2+ Kg2 0-1